 Dungeon Crawl Stone Soup version 0.30-a0-918-g0ff054e9dc (webtiles) character file.

Game seed: 7178542548669928999

413 bande the Covered (level 6, -3/39 HPs)
             Began as a Gargoyle Fighter on Mar 20, 2023.
             Slain by Pikel
             ... wielding a +2 whip of flaming
              (9 damage)
             ... on level 4 of the Dungeon.
             The game lasted 00:04:35 (3541 turns).

bande the Covered (Gargoyle Fighter)                Turns: 3541, Time: 00:04:35

Health: -3/39      AC: 16    Str: 19    XL:     6   Next: 90%
Magic:  6/6        EV:  9    Int:  9    God:
Gold:   218        SH:  4    Dex: 11    Spells: 5/5 levels left

rFire   . . .      SeeInvis .    a - +0 war axe
rCold   . . .      Faith    .    c - +0 buckler
rNeg    + . .      Spirit   .    b - +0 scale mail
rPois   ∞          Reflect  .    e - +2 helmet
rElec   +          Rampage  .    s - +0 cloak
rCorr   .                        (no gloves)
Will    .....                    (no boots) Stlth
                                 (no amulet)
HPRegen 0.26/turn                (no ring)
MPRegen 0.10/turn                (no ring)

@: no status effects
A: sickness immunity, AC +4, negative energy resistance 1, electricity
resistance, torment resistance 1, petrification resistance
a: no special abilities


You were on level 4 of the Dungeon.
You visited 1 branch of the dungeon, and saw 5 of its levels.

You collected 218 gold pieces.

Inventory:

Hand Weapons
 a - a +0 war axe (weapon)
 m - a +0 morningstar
Armour
 b - a +0 scale mail (worn)
 c - a +0 buckler (worn)
 e - a +2 helmet (worn)
 s - a +0 cloak (worn)
Scrolls
 q - a scroll of poison {unknown}
 r - a scroll of identify
Potions
 d - 2 potions of might
 f - a potion of brilliance
 g - a potion of resistance
 h - a potion of lignification
 i - a potion of mutation {unknown}
 j - a potion of attraction {unknown}
 k - a potion of berserk rage {unknown}
 l - 3 potions of heal wounds {unknown}
 n - a potion of cancellation {unknown}
 o - a potion of curing
 p - a potion of flight {unknown}


   Skills:
 + Level 4.3 Fighting
 + Level 4.7 Axes
 + Level 4.8 Armour
 + Level 4.2 Shields


You had 5 spell levels left.
You didn't know any spells.
Your spell library contained the following spells:

 Spells                   Type           Power      Damage    Failure   Level
 Kiss of Death            Conj/Necr      0%         2d5       83%         1
 Magic Dart               Conj           0%         1d3       83%         1
 Shock                    Conj/Air       0%         1d3       83%         1
 Searing Ray              Conj           0%         2d4       92%         2
 Confusing Touch          Hex            0%         N/A       99%         3
 Dazzling Flash           Conj/Hex       0%         N/A       99%         3
 Swiftness                Air            0%         N/A       99%         3
 Airstrike                Air            0%         2d(0-16)  100%        4
 Dispel Undead            Necr           0%         3d6       100%        4
 Fulminant Prism          Conj/Hex       0%         3d5       100%        4
 Agony                    Necr           0%         N/A       100%        5
 Silence                  Hex/Air        0%         N/A       100%        5


Dungeon Overview and Level Annotations

Branches:
Dungeon (5/15)
 Temple: D:4-7

Altars:

Annotations:
D:4 Pikel


Innate Abilities, Weirdness & Mutations

You are immune to sickness and miasma.
Your stone body is resilient. (AC +4)
You are immune to poison.
You resist negative energy. (rN+)
You are resistant to electric shocks. (rElec)
You are resistant to unholy torment.
You are immune to petrification.


Message History

Pikel is moderately wounded.
Pikel hits you with a +2 whip of flaming.
Pikel burns you.
Pikel hits you with a +2 whip of flaming.
Pikel burns you.
You hit Pikel.
Pikel is moderately wounded.
Pikel hits you with a +2 whip of flaming.
Pikel burns you.
You are too injured to fight recklessly!
You are too injured to fight recklessly!
You are too injured to fight recklessly!
You are too injured to fight recklessly!
You are too injured to fight recklessly!
You are too injured to fight recklessly!
You miss Pikel.
Pikel is moderately wounded.
You block Pikel's attack. Pikel hits you but does no damage.
You hit Pikel.
Pikel is heavily wounded.
Pikel hits you but does no damage.
You hit Pikel but do no damage.
Pikel is heavily wounded.
Pikel hits you with a +2 whip of flaming!
* * * LOW HITPOINT WARNING * * *
Pikel burns you.
* * * LOW HITPOINT WARNING * * *
You hit Pikel.
Pikel is severely wounded.
Pikel hits you but does no damage.
You closely miss Pikel.
Pikel is severely wounded.
Pikel hits you but does no damage.
Pikel hits you with a +2 whip of flaming.
* * * LOW HITPOINT WARNING * * *
Pikel burns you.
* * * LOW HITPOINT WARNING * * *
You feel better.
Pikel hits you with a +2 whip of flaming!
You die...

############ #..........#
#####..........#
#..............#
#..............#
#.....##.......##########
#.....##................)
#.....#.K....############
#######.@....# #......#
#......# #......###
#........# #........#
##.......# #
################.......#
#
.......................#
#


You could see Pikel.

Vanquished Creatures
  An ice beast (D:4)
  An ogre (D:5)
  2 lemures (D:4)
  Crazy Yiuf (D:2)
  An iguana (D:4)
  An orc wizard (D:3)
  Robin (D:3)
  4 gnolls (D:3)
  4 adders
  A shadow imp (D:4)
  A worm (D:2)
  2 dart slugs (D:1)
  5 orcs
  2 bats
  5 endoplasms
  A giant cockroach (D:1)
  11 goblins
  9 hobgoblins
  4 kobolds
  4 ball pythons
  2 frilled lizards
  7 rats
70 creatures vanquished.

Notes
Turn   | Place    | Note
-------+----------+-------------------------------------------
     0 | D:1      | bande the Gargoyle Fighter began the quest for the Orb.
     0 | D:1      | Reached XP level 1. HP: 14/14 MP: 1/1
   265 | D:1      | Reached XP level 2. HP: 19/19 MP: 2/2
   878 | D:2      | Reached XP level 3. HP: 23/23 MP: 3/3
   913 | D:2      | Found a runed translucent door.
   914 | D:2      | Noticed Crazy Yiuf
  1163 | D:2      | Found a faded altar of an unknown god.
  1235 | D:2      | Killed Crazy Yiuf
  1289 | D:3      | Noticed Robin
  1302 | D:3      | Reached XP level 4. HP: 23/29 MP: 4/4
  1334 | D:3      | Killed Robin
  1657 | D:3      | Reached XP level 5. HP: 6/33 MP: 5/5
  3034 | D:4      | Reached XP level 6. HP: 34/38 MP: 6/6
  3256 | D:5      | Entered Level 5 of the Dungeon
  3319 | D:5      | Noticed an ice beast
  3321 | D:5      | Noticed Pikel
  3499 | D:4      | Killed an ice beast
  3540 | D:4      | HP: 1/39 [Pikel/+2 whip of flaming (1)]
  3541 | D:4      | Slain by Pikel

Illustrated notes

Levels and vault maps discovered:
D:1:      wander_arrival_fairy_ring, layout_basic
D:2:      layout_basic, basic_ecumenical_altar, uniq_crazy_yiuf_cottage
D:3:      layout_basic, uniq_robin
D:4:      layout_basic, hangedman_decor_growths
D:5:      layout_layer_cave, serial_shops, shop, uniq_edmund, uniq_duvessa,
          uniq_sigmund, uniq_pikel

Skill      XL: |  1  2  3  4  5  6 |
---------------+-------------------+-----
Axes           | 2 3 4 |  4.7
Armour         | 4 |  4.8
Fighting       | 4 |  4.3
Shields        | 4 |  4.2

Action                     |  1- 3 |  4- 6 || total
---------------------------+-------+-------++-------
  Melee: War axe           |    73 |   201 ||   274
    Use: Scroll            |     6 |     2 ||     8
         Potion            |       |     1 ||     1
 Armour: Scale mail        |    42 |   152 ||   194
  Dodge: Dodged            |    29 |    95 ||   124
  Block: Buckler           |    17 |    63 ||    80

Table legend: (Time is in decaauts)
 A = Elapsed time spent in this place.
 B = Non-inter-level travel time spent in this place.
 C = Inter-level travel time spent in this place.
 D = Time resting spent in this place.
 E = Time spent auto-exploring this place.
 F = Levels seen in this place.
 G = Mean time per level.
                   A        B        C        D        E       F      G
               +--------+--------+--------+--------+--------+-----+--------+
         Total |   3648 |   3524 |    124 |    406 |   2383 |   5 |  729.6 |
       Dungeon |   3648 |   3524 |    124 |    406 |   2383 |   5 |  729.6 |
               +--------+--------+--------+--------+--------+-----+--------+

Top non-repeatable levels by time:
     D:3: 1314 daAuts
     D:4: 909 daAuts
     D:2: 700 daAuts
     D:1: 609 daAuts
     D:5: 114 daAuts
